 Dungeon Crawl Stone Soup version 0.20-a0-1078-g4874019 (webtiles) character file.

276782 FastMan the Severer (level 20, -27/136 HPs)
             Began as a Gargoyle Fighter on May 1, 2017.
             Was the Champion of Okawaru.
             Killed from afar by a quicksilver dragon (35 damage)
             ... with a bolt of dispelling energy
             ... on level 5 of the Vaults.
             The game lasted 00:37:24 (29744 turns).

FastMan the Severer (Gargoyle Fighter)             Turns: 29744, Time: 00:37:25

Health: -27/136    AC: 55    Str: 30    XL:     20   Next: 38%
Magic:  29/31      EV: 14    Int: 11    God:    Okawaru [******]
Gold:   2425       SH: 19    Dex: 21    Spells: 19/19 levels left

rFire    . . .     SeeInvis .   a - +7 broad axe (freeze)
rCold    + . .     Gourm    .   q - +1 shield {AC+3}
rNeg     + + .     Faith    .   O - +1 crystal plate armour
rPois    ∞         Spirit   .   F - +1 helmet of Eternity {Slay+4 Stlth+}
rElec    +         Reflect  .   j - +0 cloak
rCorr    +         Harm     .   A - +1 pair of gloves {Str+3}
MR       +....                  B - -1 pair of boots of the Good {Regen+ rCorr Dex+3}
Stlth    ..........             (no amulet)
Regen    0.8/turn               p - +2 ring of protection
MPRegen  0.3/turn               I - ring "Suhuomek" {rC+ rN+ Dex+4}

@: mighty, heroism, flying, very slightly contaminated
A: big wings, negative energy resistance 1, electricity resistance, unbreathing,
petrification resistance, rot immunity, AC +15
}: 2/15 runes: barnacled, gossamer
a: Stop Flying, Heroism, Finesse, Renounce Religion


You were on level 5 of the Vaults.
You worshipped Okawaru.
Okawaru was exalted by your worship.
You were very full.

You visited 6 branches of the dungeon, and saw 34 of its levels.

You collected 2910 gold pieces.
You spent 485 gold pieces at shops.

Inventory:

Hand Weapons
 a - a +7 broad axe of freezing (weapon)
 b - a +5 broad axe of chopping
Armour
 j - a +0 cloak (worn)
 n - a +0 large shield
 q - a +1 shield of protection (worn)
 A - a +1 pair of gloves of strength (worn)
 B - the -1 pair of boots of the Good (worn) {Regen+ rCorr Dex+3}
   (Okawaru gifted it to you on level 4 of the Spider Nest)

   It affects your dexterity (+3).
   It increases your rate of regeneration.
   It protects you from acid and corrosion.
 F - the +1 helmet of Eternity (worn) {Slay+4 Stlth+}
   (Okawaru gifted it to you on level 3 of the Lair of Beasts)

   It affects your accuracy and damage with ranged weapons and melee attacks
   (+4).
   It makes you more stealthy.
 H - the +0 helmet of Narcissism {rElec rPois rF++ rC-}
   (Okawaru gifted it to you on level 13 of the Dungeon)

   It greatly protects you from fire.
   It makes you vulnerable to cold.
   It insulates you from electricity.
   It protects you from poison.
 O - a +1 crystal plate armour (worn)
Jewellery
 p - a +2 ring of protection (left hand)
 I - the ring "Suhuomek" (right hand) {rC+ rN+ Dex+4}
   (You found it on level 13 of the Dungeon)

   [ring of protection from cold]

   It affects your dexterity (+4).
   It protects you from cold.
   It protects you from negative energy.
Scrolls
 e - 2 scrolls of silence
 i - 5 scrolls of teleportation {@r3}
 k - 4 scrolls of immolation
 o - 3 scrolls of magic mapping
 t - 11 scrolls of remove curse {@r2}
 x - 8 scrolls of identify {@r1}
 y - 7 scrolls of fog
 C - 4 scrolls of enchant weapon
 E - a scroll of enchant armour
 K - a scroll of holy word
 L - a scroll of brand weapon
 N - 2 scrolls of fear
Potions
 c - 6 potions of mutation
 d - 5 potions of might {@q4}
 h - 3 potions of agility {@q5}
 l - 4 potions of brilliance {@q6}
 m - 5 potions of curing {@q1}
 r - 3 potions of haste {@q3}
 u - 2 potions of berserk rage
 w - 2 potions of resistance
 D - 5 potions of cancellation
 G - 3 potions of magic
Comestibles
 f - 8 bread rations {@e1}
 g - 18 royal jellies {@e3}
 v - 14 meat rations {@e2}
 z - 47 fruits {@e4}


   Skills:
 * Level 17.8(22.8) Fighting
 * Level 18.7(23.7) Axes
 + Level 14.5(19.5) Armour
 + Level 5.0(10.0) Dodging
 + Level 15.1(20.1) Shields
 + Level 14.9 Invocations


You had 19 spell levels left.
You didn't know any spells.

Dungeon Overview and Level Annotations

Branches:
Dungeon (14/15)            Temple (1/1) D:4            Lair (6/6) D:8
 Shoals (4/4) Lair:3       Spider (4/4) Lair:3        Slime (0/5) Lair:5
    Orc (0/2) D:12         Vaults (5/5) D:13          Crypt (0/3) Vaults:3

Altars:
Ashenzari
Cheibriados
Dithmenos
Elyvilon
Fedhas
Gozag
Hepliaklqana
Kikubaaqudgha
Makhleb
Nemelex Xobeh
Okawaru
Qazlal
Ru
Sif Muna
Trog
Uskayaw
Vehumet
Wu Jian
Xom
Yredelemnul
Zin
The Shining One

Shops:
D:6 (   D:8 %::(   Shoals:2 (   Vaults:2 ?

Annotations:
D:4 1 runed door
D:10 1 runed door
Lair:4 exclusion: 2 oklob plants
Lair:5 exclusion: oklob plant
Spider:3 LogicNinja's ghost, adept DEFE


Innate Abilities, Weirdness & Mutations

You are resistant to torment.
Your stone body is resilient. (AC +15)
You are immune to poison.
Your large and strong wings let you fly indefinitely.
You resist negative energy. (rN+)
You are resistant to electric shocks. (rElec)
You can survive without breathing.
You are immune to petrification.
You are immune to rotting.


Message History

Unknown command.
You feel very mighty all of a sudden.
The quicksilver dragon bites you but does no damage.
The quicksilver dragon claws you but does no damage.
The tentacled monstrosity tentacle-slaps you but does no damage. x2
You block the tentacled monstrosity's attack.
The tentacled monstrosity closely misses you.
Unknown command.
Unknown command.
Okay, then.
Okay, then.
Okay, then.
Unknown command.
Okay, then.
You gain the combat prowess of a mighty hero.
The quicksilver dragon breathes dispelling energy at you.
The bolt of dispelling energy hits you!
You feel strangely stable.
Your magical effects are unravelling.
You die...

.. #. ..
.. ##c #..
.p ..# .
##. ##..
[. #)# ..#
.# #X##pp#
.. ##@D#
.#
#..##..#
#....##C=#
#.... ####
#....
#....
#####


You could see a tentacled monstrosity, a quicksilver dragon, a stone giant, a
vault guard and an ironbrand convoker.

Vanquished Creatures
  A sphinx (Vaults:4)
  The ghost of Terrapin the Pandemonic, an adept DsNe of Makhleb (Spider:4)
  A storm dragon (Vaults:4)
  Ilsuiw (Shoals:4)
  Donald (Shoals:4)
  A deep elf sorcerer (Vaults:3)
  A ghost moth (Spider:4)
  A fire giant (Vaults:1)
  7 vault wardens
  8 emperor scorpions
  Louise (Spider:3)
  4 entropy weavers
  2 very ugly things (Vaults:2)
  4 stone giants
  9 ironheart preservers
  A spark wasp (Spider:2)
  3 merfolk javelineers (Shoals:4)
  2 deep elf annihilators
  12 merfolk impalers
  2 ettins
  A deep elf death mage (Vaults:4)
  2 great orbs of eyes
  A fire dragon (Vaults:3)
  2 ice dragons
  7 hydras
  7 yaktaur captains
  A rakshasa (Vaults:2)
  24 vault guards
  2 alligator snapping turtles (Shoals:4)
  8 centaur warriors
  5 merfolk avatars
  5 merfolk aquamancers
  7 satyrs
  2 death knights (Vaults:3)
  An alligator (Shoals:4)
  2 deep troll shamans (Vaults:2)
  7 ogre magi
  A death yak (D:8)
  18 two-headed ogres
  A dancing weapon (D:13)
  6 deep elf knights
  A tengu warrior (D:13)
  A shadow wraith (Vaults:4)
  A small abomination (Vaults:4)
  15 sea snakes
  4 wizards
  An obsidian statue (Vaults:4)
  2 flayed ghosts
  2 cherubim (D:13)
  6 deep trolls (Vaults:2)
  A glowing orange brain (Vaults:3)
  10 ironbrand convokers
  A necromancer (Vaults:3)
  9 deep elf archers
  A phantasmal warrior (Vaults:5)
  12 orb spiders
  7 harpies
  13 deep elf magi
  7 orc knights
  An orc sorcerer (Vaults:2)
  8 ugly things
  A stone giant zombie (Vaults:3)
  27 wolf spiders
  A faun (shapeshifter) (Vaults:1)
  13 manticores
  36 fauns
  6 elephants
  2 cyclopes
  2 moths of wrath (Spider:4)
  4 water nymphs
  An elephant (shapeshifter) (Vaults:3)
  2 centaur zombies
  6 black mambas
  9 merfolk sirens
  9 vault sentinels
  15 spiny frogs
  A torpor snail (Lair:6)
  A gargoyle (D:13)
  2 human zombies (Vaults:3)
  A komodo dragon (shapeshifter) (Vaults:1)
  8 freezing wraiths
  6 rime drakes (Lair:4)
  26 yaktaurs
  A redback zombie (D:13)
  5 demonic crawlers
  5 komodo dragons
  19 jumping spiders
  3 trolls
  5 hornets
  5 tyrant leeches (Lair:6)
  3 meliai (Spider:3)
  The ghost of hollowman the Slasher, an amateur MiFi (D:5)
  27 merfolk
  8 wind drakes
  Prince Ribbit (D:6)
  24 hippogriffs
  10 blink frogs
  5 slime creatures (Vaults:1)
  A meliai zombie (D:13)
  A frost giant simulacrum (Vaults:3)
  8 snapping turtles
  A shadow (D:14)
  3 wraiths
  39 redbacks
  16 tarantellas
  10 water elementals
  A tarantella (shapeshifter) (Vaults:4)
  7 wyverns (Lair:4)
  55 yaks
  2 vampires
  A human (D:13)
  7 basilisks
  4 hungry ghosts
  A steam dragon (D:9)
  4 vampire mosquitoes (Lair:6)
  A human simulacrum (Vaults:1)
  5 wargs
  2 soldier ants (D:8)
  2 acid dragons
  The ghost of Psyclone the Firebug, an amateur DEFE (D:3)
  8 water moccasins
  7 porcupines
  A deep troll skeleton (Vaults:3)
  11 orc warriors
  3 ice beasts
  5 sky beasts
  2 black bears
  A necrophage (D:14)
  5 phantoms
  9 boggarts
  12 wolves
  5 centaurs
  14 ogres
  7 crocodiles
  2 big kobolds
  17 bullfrogs
  A water moccasin zombie (D:6)
  A scorpion (D:11)
  16 killer bees
  4 wights (D:13)
  4 electric eels
  2 crimson imps
  A jelly (D:8)
  A quasit (D:8)
  4 bullfrog zombies
  6 hounds
  10 orc wizards
  3 bullfrog skeletons
  8 orc priests
  5 centaur skeletons
  2 iguanas
  A worker ant (shapeshifter) (Vaults:2)
  4 worker ants
  A hound skeleton (D:8)
  17 adders
  7 gnolls
  3 shadow imps
  2 ufetubi (Vaults:3)
  An ooze (D:1)
  An adder skeleton (D:5)
  An adder zombie (D:9)
  5 worms
  3 dart slugs
  4 leopard geckos
  70 orcs
  11 bats
  3 giant cockroaches
  8 goblins
  3 hobgoblins (D:1)
  A jackal (D:2)
  13 kobolds
  2 quokkas
  2 frilled lizards
  A giant cockroach zombie (D:5)
  5 rats
  2 crawling corpses (Vaults:4)
  2 fungi
  24 plants
1123 creatures vanquished.

Vanquished Creatures (others)
  An emperor scorpion (Spider:4)
  A faun (Shoals:4)
  8 fungi
  67 plants
  A withered plant (Shoals:1)
78 creatures vanquished.

Grand Total: 1201 creatures vanquished

Notes
Turn   | Place    | Note
-------+----------+-------------------------------------------
     0 | D:1      | FastMan the Gargoyle Fighter began the quest for the Orb.
     0 | D:1      | Reached XP level 1. HP: 14/14 MP: 1/1
    42 | D:1      | Reached skill level 2 in Axes
   126 | D:1      | Reached XP level 2. HP: 15/19 MP: 2/2
   506 | D:1      | Reached XP level 3. HP: 24/24 MP: 3/3
   835 | D:2      | Reached skill level 3 in Axes
   838 | D:2      | Reached XP level 4. HP: 26/29 MP: 4/4
  1116 | D:2      | Reached XP level 5. HP: 27/34 MP: 5/5
  1120 | D:2      | Reached skill level 4 in Axes
  1710 | D:3      | Noticed Psyclone's ghost (amateur DEFE)
  1726 | D:3      | Killed Psyclone's ghost
  1726 | D:3      | Reached XP level 6. HP: 6/40 MP: 6/6
  2547 | D:4      | Found a runed door.
  2547 | D:4      | Noticed a human
  2552 | D:4      | Found a basalt altar of Yredelemnul.
  2582 | D:4      | Reached skill level 5 in Fighting
  2582 | D:4      | Reached skill level 5 in Axes
  2741 | D:4      | Noticed a phantom
  2753 | D:4      | Killed a phantom
  2842 | D:4      | Found a staircase to the Ecumenical Temple.
  2884 | D:4      | Noticed a phantom
  2942 | D:4      | Killed a phantom
  2942 | D:4      | Reached XP level 7. HP: 37/44 MP: 7/7
  2957 | Temple   | Entered the Ecumenical Temple
  3150 | Temple   | Became a worshipper of Warmaster Okawaru
  3344 | D:5      | Entered Level 5 of the Dungeon
  3346 | D:5      | Noticed hollowman's ghost (amateur MiFi)
  3364 | D:5      | Killed hollowman's ghost
  3364 | D:5      | Reached skill level 6 in Axes
  3730 | D:5      | Reached XP level 8. HP: 48/52 MP: 8/8
  3885 | D:5      | Reached skill level 7 in Axes
  4157 | D:5      | Found a shadowy altar of Dithmenos.
  4430 | D:6      | Noticed Prince Ribbit
  4434 | D:6      | Reached * piety under Okawaru
  4453 | D:6      | Noticed a hippogriff
  4470 | D:6      | Killed a hippogriff
  4470 | D:6      | Reached skill level 8 in Axes
  4746 | D:6      | Reached skill level 1 in Invocations
  4786 | D:6      | Reached XP level 9. HP: 38/58 MP: 9/9
  5117 | D:6      | Killed Prince Ribbit
  5284 | D:6      | Found Ysmisi's Weapon Shop.
  5395 | D:7      | Reached ** piety under Okawaru
  5673 | D:7      | Found a snail-covered altar of Cheibriados.
  5827 | D:7      | Found a blossoming altar of Fedhas.
  5922 | D:8      | Reached skill level 9 in Axes
  6070 | D:8      | Reached skill level 5 in Armour
  6134 | D:8      | Found Vibovo's Book Boutique.
  6300 | D:8      | Found a staircase to the Lair.
  6300 | D:8      | Noticed a death yak
  6301 | D:8      | Noticed an elephant
  6328 | D:8      | Killed a death yak
  6328 | D:8      | Reached *** piety under Okawaru
  6328 | D:8      | Reached XP level 10. HP: 51/65 MP: 10/13
  6340 | D:8      | Killed an elephant
  6356 | D:8      | Reached skill level 10 in Axes
  6387 | D:8      | Found Gug Gif's Book Emporium.
  6447 | D:8      | Reached **** piety under Okawaru
  6571 | D:8      | Found Igrowink's Food Shop.
  6601 | D:8      | Found Borhurul's Antique Weapon Emporium.
  6607 | D:8      | Bought a glowing broad axe for 154 gold pieces
  6855 | D:8      | Reached skill level 5 in Invocations
  7013 | Lair:1   | Entered Level 1 of the Lair of Beasts
  7082 | Lair:1   | Noticed a spiny frog
  7097 | Lair:1   | Killed a spiny frog
  7097 | Lair:1   | Reached ***** piety under Okawaru
  7134 | Lair:1   | Noticed a black mamba
  7140 | Lair:1   | Killed a black mamba
  7365 | Lair:1   | Reached XP level 11. HP: 64/71 MP: 15/15
  7551 | Lair:1   | Received a gift from Okawaru
  7551 | Lair:1   | Reached skill level 11 in Axes
  8174 | Lair:2   | Reached skill level 10 in Fighting
  8794 | Lair:3   | Found a hole to the Spider Nest.
  8845 | Lair:3   | Found a staircase to the Shoals.
  8853 | Lair:3   | Received a gift from Okawaru
  8864 | Lair:3   | Got an ancient helmet {god gift}
  8877 | Lair:3   | Identified the +1 helmet of Eternity {Slay+4 Stlth+} (Okawaru gifted it to you on level 3 of the Lair of Beasts)
  8956 | Lair:3   | Noticed a seven-headed hydra
  9436 | Lair:3   | Killed a 15-headed hydra
  9783 | Lair:4   | Noticed a manticore
  9790 | Lair:4   | Reached XP level 12. HP: 64/78 MP: 17/17
  9794 | Lair:4   | Reached skill level 12 in Axes
 10094 | Lair:4   | Reached skill level 5 in Shields
 10225 | Lair:4   | Noticed a seven-headed hydra
 10243 | Lair:4   | Killed a 13-headed hydra
 10422 | Lair:4   | Received a gift from Okawaru
 10431 | Lair:4   | Reached ****** piety under Okawaru
 10850 | Lair:5   | Found a staircase to the Slime Pits.
 10853 | Lair:5   | Noticed a five-headed hydra
 10872 | Lair:5   | Reached skill level 13 in Axes
 10872 | Lair:5   | Reached XP level 13. HP: 63/84 MP: 11/19
 11972 | Lair:6   | Entered Level 6 of the Lair of Beasts
 11996 | Lair:5   | Reached skill level 10 in Armour
 12280 | Lair:6   | Received a gift from Okawaru
 12570 | Lair:6   | Received a gift from Okawaru
 12610 | Lair:6   | Reached skill level 10 in Invocations
 12848 | Lair:6   | Gained mutation: Your large and strong wings let you fly indefinitely. [Gargoyle growth]
 12848 | Lair:6   | Reached XP level 14. HP: 83/92 MP: 18/21
 12852 | Lair:6   | Received a gift from Okawaru
 12888 | Lair:6   | Got a translucent golden ring
 12956 | Spider:1 | Entered Level 1 of the Spider Nest
 12973 | Lair:3   | Identified the ring "Kiddag" {rPois rC+} (You found it on level 6 of the Lair of Beasts)
 12985 | Lair:3   | Reached skill level 14 in Axes
 13971 | Spider:2 | Noticed an entropy weaver
 13980 | Spider:2 | Killed an entropy weaver
 13993 | Spider:2 | Received a gift from Okawaru
 14422 | Spider:2 | Noticed an emperor scorpion
 14435 | Spider:2 | Killed an emperor scorpion
 14736 | Spider:3 | Noticed an entropy weaver
 14750 | Spider:3 | Killed an entropy weaver
 14951 | Spider:4 | Entered Level 4 of the Spider Nest
 14994 | Spider:4 | Received a gift from Okawaru
 15024 | Spider:4 | Noticed an emperor scorpion
 15042 | Spider:4 | Killed an emperor scorpion
 15492 | Spider:3 | Noticed Louise
 15509 | Spider:3 | Killed Louise
 15509 | Spider:3 | Reached XP level 15. HP: 66/98 MP: 16/23
 15773 | Spider:3 | Noticed an emperor scorpion
 15791 | Spider:3 | Killed an emperor scorpion
 15799 | Spider:3 | Reached skill level 15 in Axes
 15829 | Spider:3 | Received a gift from Okawaru
 16246 | Spider:4 | Reached skill level 10 in Shields
 16306 | Spider:4 | HP: 1/99 [disintegration (28)]
 16752 | Spider:4 | Noticed Terrapin's ghost (adept DsNe)
 16775 | Spider:4 | Killed Terrapin's ghost
 16821 | Spider:4 | Noticed an emperor scorpion
 16844 | Spider:4 | Killed an emperor scorpion
 16848 | Spider:4 | Noticed an emperor scorpion
 16855 | Spider:4 | Received a gift from Okawaru
 16859 | Spider:4 | Got a pair of crude boots {god gift}
 16862 | Spider:4 | Killed an emperor scorpion
 16872 | Spider:4 | Noticed an emperor scorpion
 16874 | Spider:4 | Noticed an emperor scorpion
 16875 | Spider:4 | Noticed an emperor scorpion
 16883 | Spider:4 | Noticed an emperor scorpion
 16891 | Spider:4 | Killed an emperor scorpion
 16906 | Spider:4 | Killed an emperor scorpion
 16909 | Spider:4 | Killed an emperor scorpion
 16914 | Spider:4 | Killed a ghost moth
 16917 | Spider:4 | Killed an emperor scorpion
 16920 | Spider:4 | Got a gossamer rune of Zot
 16971 | Spider:4 | Identified the -1 pair of boots of the Good {Regen+ rCorr Dex+3} (Okawaru gifted it to you on level 4 of the Spider Nest)
 17057 | Spider:3 | Noticed LogicNinja's ghost (adept DEFE)
 17142 | Shoals:1 | Entered Level 1 of the Shoals
 17448 | Shoals:1 | Reached XP level 16. HP: 75/105 MP: 25/25
 18415 | Shoals:2 | Reached skill level 16 in Axes
 18529 | Shoals:2 | Found Anuocuca's Weapon Emporium.
 19337 | Shoals:3 | Received a gift from Okawaru
 19976 | Shoals:4 | Entered Level 4 of the Shoals
 20244 | Shoals:4 | Received a gift from Okawaru
 20357 | Shoals:4 | Reached XP level 17. HP: 80/112 MP: 20/26
 20382 | Shoals:4 | Noticed Ilsuiw
 20525 | Shoals:4 | Received a gift from Okawaru
 20536 | Shoals:4 | Killed Ilsuiw
 20918 | Shoals:4 | Noticed Donald
 20928 | Shoals:4 | Killed Donald
 21144 | Shoals:4 | Received a gift from Okawaru
 21150 | Shoals:4 | Got a smoking war axe {god gift}
 21151 | Shoals:4 | Identified the +3 war axe "Xalei" {chaos, *Drain rElec Str+3} (Okawaru gifted it to you on level 4 of the Shoals)
 21219 | Shoals:4 | Reached skill level 17 in Axes
 21327 | Shoals:4 | Got a barnacled rune of Zot
 21410 | Shoals:1 | Reached skill level 15 in Fighting
 21745 | D:9      | Found a hazy altar of Hepliaklqana.
 21746 | D:9      | Found a shimmering altar of Xom.
 21854 | D:10     | Entered Level 10 of the Dungeon
 21854 | D:10     | Found a snail-covered altar of Cheibriados.
 22177 | D:10     | Found a runed door.
 23656 | D:12     | Found a staircase to the Orcish Mines.
 23974 | D:13     | Found a gate to the Vaults.
 24001 | D:13     | Received a gift from Okawaru
 24008 | D:13     | Reached XP level 18. HP: 99/119 MP: 28/28
 24021 | D:13     | Got a shimmering helmet {god gift}
 24032 | D:13     | Identified the +0 helmet of Narcissism {rElec rPois rF++ rC-} (Okawaru gifted it to you on level 13 of the Dungeon)
 24121 | D:13     | Got a bound tin ring
 24133 | D:13     | Identified the ring "Suhuomek" {rC+ rN+ Dex+4} (You found it on level 13 of the Dungeon)
 24887 | Vaults:1 | Entered Level 1 of the Vaults
 25233 | Vaults:1 | Reached skill level 1 in Dodging
 25412 | Vaults:1 | Found a radiant altar of Vehumet.
 26207 | Vaults:2 | Received a gift from Okawaru
 26300 | Vaults:2 | Found Fott's Magic Scroll Emporium.
 26308 | Vaults:2 | Bought a scroll of blinking for 127 gold pieces
 26308 | Vaults:2 | Bought 2 scrolls of fear for 119 gold pieces
 26308 | Vaults:2 | Bought a scroll of teleportation for 51 gold pieces
 26308 | Vaults:2 | Bought a scroll of identify for 34 gold pieces
 26525 | Vaults:2 | Reached XP level 19. HP: 118/127 MP: 22/29
 27203 | Vaults:3 | Reached skill level 18 in Axes
 27402 | Vaults:3 | Found a staircase to the Crypt.
 27918 | Vaults:3 | Received a gift from Okawaru
 28891 | Vaults:4 | Reached XP level 20. HP: 132/134 MP: 24/31
 28994 | Vaults:4 | Received a gift from Okawaru
 29008 | Vaults:4 | Reached skill level 15 in Shields
 29686 | Vaults:5 | Entered Level 5 of the Vaults
 29691 | Vaults:5 | Noticed an ancient lich
 29691 | Vaults:5 | Noticed a golden dragon
 29707 | Vaults:5 | Noticed a golden dragon
 29710 | Vaults:5 | Reached skill level 5 in Dodging
 29714 | Vaults:5 | Paralysed by an ancient lich for 6 turns
 29732 | Vaults:5 | Received a gift from Okawaru
 29744 | Vaults:5 | Killed from afar by a quicksilver dragon

Vault maps used:
D:1:      mrwooster_arrival_arrow, st_stairs_6, hex_medium
D:2:      first_bread, minmay_ruptured
D:3:      roderic_bali_sauvastika
D:4:      minmay_temple_entry_statues_fountains, dk_yredelemnul_ordeal
D:5:      nicolae_dithmenos_the_darkroom
D:6:      serial_shops, shop, uniq_prince_ribbit1
D:7:      fedhas_altar_2, kennysheep_mini, roderic_lattice_a
D:8:      david_lair_generic, serial_shops, nicolae_shop_overgrown_old_shop,
          shop, nicolae_shop_behind_doors, shop, hangedman_pestilent_swarm
D:9:      regret_index_temple_of_mockery
D:10:     cheibrodos_shockbox, cheibriados_altar_1
D:12:     minmay_orc_entry_guard_dogs, minmay_holes, kennysheep_generic_room_10
D:13:     grunt_vaults_entry_fortified, pf_eden
D:14:     serial_park_tiny_1
Temple:   dpeg_five_rooms_temple
Lair:2:   st_stairs_5
Lair:3:   elwin_shoals_entry_stream, dummy_spider_entry,
          nicolae_quartered_pool_super, lemuel_fruit_tree, serial_bayou_shore_b
Lair:4:   special_room, lemuel_fruit_fields, minmay_lair_oklob_chamber
Lair:5:   slime_dummy, serial_bayou_shore_a, grunt_megastairs_5
Lair:6:   minmay_lair_end_frog_pond
Shoals:1: argonaut_gorgonesque
Shoals:2: serial_shops, nicolae_shop_waterfront
Shoals:4: shoals_end_grunt_garden, shoal_ilsuiw,
          nicolae_shoals_siren_and_animal_friends, uniq_donald
Spider:1: uniq_josephine
Spider:3: uniq_louise
Spider:4: grunt_spider_rune_circles
Vaults:1: nicolae_vaults_little_squares_4, hangedman_vaults_maws,
          vaults_room_pools, nicolae_vaults_bisected_slash,
          nicolae_vaults_murderbox, basic_altar
Vaults:2: vaults_standard_mumra_enter_the_diamond, v_misc_10,
          nicolae_vaults_what_the_h, v_alt_pattern_4,
          nicolae_vaults_network_quincunx, ontoclasm_vaults_bender,
          vaults_room_pools, hangedman_vaults_corner_blocks, vaults_dpeg_hooks,
          grunt_vaults_diagonal, dpeg_vaults_monster_box,
          nicolae_vaults_network_barrier, vaults_room_pool, serial_shops, shop
Vaults:3: hangedman_vaults_slice, nicolae_vaults_theta,
          hangedman_vaults_corner_blocks, serial_ice_h, v_pattern_3,
          nicolae_vaults_specimen_jars, grunt_vaults_twisty,
          ontoclasm_vaults_idyll, nicolae_vaults_rhombus_5,
          vaults_room_stairs_pillars, v_misc_12, nicolae_vaults_border_crossing,
          blue_anna_dwarven_crypt
Vaults:4: grunt_vaults_funnel, v_alt_pattern_4, nicolae_vaults_statue_guard,
          nicolae_vaults_ninety_degrees, nicolae_vaults_little_squares_4,
          hangedman_vaults_unwind, v_misc_26, hangedman_vaults_locks,
          vaults_room_pool, v_misc_22, grunt_vaults_hallway_short

Skill      XL: |  1  2  3  4  5  6  7  8  9 10 11 12 13 14 15 16 17 18 19 20 |
---------------+-------------------------------------------------------------+-----
Axes           | 2 3 4 5 6 8 9 10 11 13 14 15 16 17 18 | 18.7
Fighting       | 4 5 6 7 8 9 10 11 12 13 14 15 16 17 | 17.8
Invocations    | 1 4 5 7 8 10 11 12 13 14 | 14.9
Armour         | 5 7 8 9 10 11 12 13 14 | 14.5
Shields        | 4 6 8 9 11 12 13 14 15 | 15.1
Dodging        | 2 4 5 |  5.0

Action                   |  1- 3 |  4- 6 |  7- 9 | 10-12 | 13-15 | 16-18 | 19-21 || total
-------------------------+-------+-------+-------+-------+-------+-------+-------++-------
Melee: War axe           |   105 |   200 |   366 |    79 |       |       |       ||   750
       Broad axe         |       |       |       |   319 |   799 |  1162 |   502 ||  2782
Invok: Heroism           |       |       |     5 |     7 |    27 |    26 |    16 ||    81
       Finesse           |       |       |       |     4 |    12 |    10 |     5 ||    31
 Abil: Fly               |       |       |       |       |     1 |       |       ||     1
  Use: Scroll            |       |       |    13 |     8 |    15 |    14 |     3 ||    53
       Potion            |       |       |     1 |       |    11 |     3 |     4 ||    19
 Stab: Invisible         |       |       |       |       |       |     8 |       ||     8
  Eat: Chunk             |       |     7 |    12 |    10 |    13 |    23 |     9 ||    74
       Bread ration      |       |       |       |     1 |     1 |     2 |     2 ||     6
       Meat ration       |       |       |       |       |     1 |       |       ||     1
Armor: Scale mail        |    13 |       |       |       |       |       |       ||    13
       Chain mail        |    62 |   115 |   186 |       |       |       |       ||   363
       Plate armour      |       |       |   125 |   410 |   775 |   600 |    65 ||  1975
       Crystal plate arm |       |       |       |       |       |       |   237 ||   237
Dodge: Dodged            |    26 |    46 |    99 |    81 |   227 |   233 |   103 ||   815
Block: Shield            |    75 |   112 |   228 |   220 |   353 |   409 |   306 ||  1703
       Large shield      |       |       |       |       |   261 |   499 |       ||   760
